BlackHawks vs Lightning

Created - November 18 2008 at 18:43

Goals
1 2 3 T
BlackHawks 0 1 3 4
Lightning 0 1 0 1
Shots
1 2 3 T
BlackHawks 1 6 11 18
Lightning 4 11 6 21

Period #1

No Goal

Penalties :
Jiri Hudler (CHI) for Tripping (Minor) at 0:42, Martin Skoula (TBL) for Close Hand On Puck (Minor) at 2:43, Andrew Ladd (TBL) for Tripping (Minor) at 15:35, Chris Clark (CHI) for Roughing (Minor) at 16:51, Joel Perrault (TBL) for Holding (Minor) at 19:18

Period #2

1. Lightning , Pavel Datsyuk 5 (Martin Skoula, Chris Phillips) at 9:37 (PP)
2. BlackHawks , Randy Robitaille 1 (Ed Jovanovski, Rob Niedermayer) at 17:09

Penalties :
Brent Seabrook (CHI) for Tripping (Minor) at 2:38, Mike Van Ryn (CHI) for Cross-checking (Minor) at 7:01, Brent Seabrook (CHI) for Hooking (Minor) at 9:13, Chris Clark (CHI) for Roughing (Minor) at 11:07

Period #3

3. BlackHawks , Evgeni Malkin 12 (Brett Clark, Jiri Hudler) at 0:28
4. BlackHawks , Randy Robitaille 2 (Brett Clark, Michal Handzus) at 16:15
5. BlackHawks , Evgeni Malkin 13 (Jiri Hudler) at 16:23

Penalties :
Vaclav Prospal (TBL) for Hooking (Minor) at 2:05, Jason Blake (TBL) for Hooking (Minor) at 6:00, Chris Phillips (TBL) for Hooking (Minor) at 9:52, Ladislav Smid (TBL) for Interference (Minor) at 11:17, Pavel Datsyuk (TBL) for Slashing (Double Minor) at 18:56

Goalie Stats

Cristobal Huet (CHI), 20 saves from 21 shots - (0.952), W, 14-5-3, 60:00 minutes
Martin Gerber (TBL), 14 saves from 18 shots - (0.778), L, 8-12-3, 60:00 minutes

Players Stats

BlackHawks
Player Name              G  A  P  +/- PIM S  H  SB FO MP 
-----------------------------------------------------------
Brent Seabrook           0  0  0   1  4   0  4  4  0  23 
Brett Clark              0  2  2   3  0   1  0  0  0  23 
Chris Clark              0  0  0   0  4   0  4  0  2  20 
Cory Stillman            0  0  0   0  0   1  0  0  1  21 
Darryl Sydor             0  0  0   0  0   0  1  2  0  16 
Ed Jovanovski            0  1  1   1  0   1  1  2  0  23 
Evgeni Malkin            2  0  2   2  0   7  0  0  20 24 
Jiri Hudler              0  2  2   3  2   1  0  0  1  18 
Kim Johnsson             0  0  0   3  0   0  1  3  0  21 
Kris Draper              0  0  0   0  0   0  2  2  18 19 
Loui Eriksson            0  0  0   2  0   2  0  1  3  23 
Mark Recchi              0  0  0   0  0   0  0  0  0  1  
Michal Handzus           0  1  1   2  0   1  0  0  6  11 
Mike Van Ryn             0  0  0   0  2   0  1  2  0  19 
Randy Robitaille         2  0  2   2  0   2  1  0  1  8  
Rob Niedermayer          0  1  1   1  0   1  0  0  3  15 
Todd Bertuzzi            0  0  0   0  0   1  2  0  9  16 
Todd White               0  0  0   0  0   0  0  0  7  8  
Lightning
Player Name              G  A  P  +/- PIM S  H  SB FO MP 
-----------------------------------------------------------
Andrew Ladd              0  0  0  -1  2   2  2  0  0  13 
Boyd Devereaux           0  0  0  -1  0   1  0  1  10 15 
Bryan Allen              0  0  0  -1  0   0  0  0  0  22 
Carlo Colaiacovo         0  0  0  -1  0   1  0  1  0  21 
Chris Phillips           0  1  1  -2  2   0  1  1  0  24 
Erik Christensen         0  0  0  -1  0   0  0  0  0  9  
Jaromir Jagr             0  0  0  -1  0   4  1  1  3  20 
Jason Blake              0  0  0  -1  2   2  0  0  2  17 
Jay Pandolfo             0  0  0  -1  0   0  0  0  0  16 
Joel Perrault            0  0  0  -1  2   0  1  0  0  10 
Keith Aucoin             0  0  0  -1  0   1  0  0  10 9  
Ladislav Smid            0  0  0  -1  2   1  2  0  0  16 
Mark Streit              0  0  0  -2  0   1  0  0  0  23 
Martin Skoula            0  1  1  -1  2   0  0  0  0  17 
Mike Modano              0  0  0  -1  0   2  1  1  17 22 
Pavel Datsyuk            1  0  1  -1  4   3  0  0  18 18 
Ruslan Fedotenko         0  0  0  -1  0   3  1  0  0  13 
Vaclav Prospal           0  0  0  -1  2   0  4  1  11 18 

3 Stars

1 - Randy Robitaille (CHI)
2 - Evgeni Malkin (CHI)
3 - Brett Clark (CHI)

Power Play

BlackHawks - 0 on 8 Attempt(s) - 0.00%
Lightning - 1 on 6 Attempt(s) - 16.67%

Penalty Kill

BlackHawks - 5 on 6 Attempt(s) - 83.33% - Score 0 goal in Penalty Kill
Lightning - 8 on 8 Attempt(s) - 100.00% - Score 0 goal in Penalty Kill

Game Notes

Todd White is injured at 4:20 of 2nd period (Separated Left Shoulder)

Finance

Level 1 -- Attendance: 3859 (63.52%) -- Ticket Income $385,900.00
Level 2 -- Attendance: 3250 (58.05%) -- Ticket Income $195,000.00
Level 3 -- Attendance: 1106 (40.45%) -- Ticket Income $44,240.00
Level 4 -- Attendance: 1783 (40.99%) -- Ticket Income $62,405.00
Luxury Box -- Attendance: 443 (44.30%) -- Ticket Income $132,900.00
Game was played at the St. Pete Times Forum
Total Attendance: 10441 (52.84%)
Total Ticket Income: $829,961.40
Other Income: $183,955.80
Total Income: $1,013,917.00


Play by Play

Period #1

0:01 of 1st period - Chris Clark wins face-off versus Jaromir Jagr in neutral zone.
0:16 of 1st period - Shot by Pavel Datsyuk.
0:16 of 1st period - Stopped by Cristobal Huet without a rebound.
0:17 of 1st period - Todd White wins face-off versus Mike Modano in BlackHawks zone.
0:42 of 1st period - Minor Penalty to Jiri Hudler for Tripping.
0:43 of 1st period - Pavel Datsyuk wins face-off versus Michal Handzus in Lightning zone.
1:04 of 1st period - Pavel Datsyuk is hit by Kris Draper and loses puck.
1:15 of 1st period - Shot by Pavel Datsyuk.
1:15 of 1st period - Shot Blocked by Loui Eriksson.
1:17 of 1st period - Shot by Chris Phillips.
1:17 of 1st period - Shot Blocked by Kim Johnsson.
1:21 of 1st period - Shot by Mark Streit.
1:21 of 1st period - Stopped by Cristobal Huet without a rebound.
1:22 of 1st period - Michal Handzus wins face-off versus Mike Modano in BlackHawks zone.
2:35 of 1st period - Icing by Chris Phillips.
2:36 of 1st period - Pavel Datsyuk wins face-off versus Rob Niedermayer in Lightning zone.
2:38 of 1st period - Icing by Mark Streit.
2:39 of 1st period - Kris Draper wins face-off versus Pavel Datsyuk in Lightning zone.
2:43 of 1st period - Minor Penalty to Martin Skoula for Close Hand On Puck.
2:44 of 1st period - Pavel Datsyuk wins face-off versus Evgeni Malkin in Lightning zone.
2:44 of 1st period - Pavel Datsyuk is hit by Chris Clark.
3:00 of 1st period - Icing by Brent Seabrook.
3:01 of 1st period - Evgeni Malkin wins face-off versus Pavel Datsyuk in BlackHawks zone.
3:42 of 1st period - Mike Van Ryn is hit by Vaclav Prospal and loses puck.
3:53 of 1st period - Shot by Jiri Hudler.
3:53 of 1st period - Deflect By Loui Eriksson.
3:53 of 1st period - Shot Misses the Net.
4:36 of 1st period - Shot by Ed Jovanovski.
4:36 of 1st period - Shot Misses the Net.
4:40 of 1st period - Shot by Cory Stillman.
4:40 of 1st period - Shot Misses the Net.
4:42 of 1st period - Shot by Chris Clark.
4:42 of 1st period - Shot Hit the Post.
4:56 of 1st period - Shot by Ruslan Fedotenko.
4:56 of 1st period - Shot Blocked by Mike Van Ryn.
5:02 of 1st period - Shot by Ruslan Fedotenko.
5:02 of 1st period - Shot Misses the Net.
5:04 of 1st period - Shot by Ladislav Smid.
5:04 of 1st period - Stopped by Cristobal Huet without a rebound.
5:05 of 1st period - Michal Handzus wins face-off versus Keith Aucoin in BlackHawks zone.
5:37 of 1st period - Icing by Joel Perrault.
5:38 of 1st period - Keith Aucoin wins face-off versus Kris Draper in Lightning zone.
5:38 of 1st period - Erik Christensen is hit by Todd Bertuzzi and loses puck.
5:49 of 1st period - Shot by Evgeni Malkin.
5:49 of 1st period - Shot Misses the Net.
6:26 of 1st period - Off-side.
6:27 of 1st period - Evgeni Malkin wins face-off versus Mike Modano in neutral zone.
6:27 of 1st period - Evgeni Malkin is hit by Mike Modano.
7:01 of 1st period - Icing by Carlo Colaiacovo.
7:02 of 1st period - Mike Modano wins face-off versus Todd White in Lightning zone.
7:16 of 1st period - Icing by Carlo Colaiacovo.
7:17 of 1st period - Kris Draper wins face-off versus Mike Modano in Lightning zone.
7:45 of 1st period - Off-side.
7:46 of 1st period - Todd White wins face-off versus Boyd Devereaux in neutral zone.
8:09 of 1st period - Shot by Ruslan Fedotenko.
8:09 of 1st period - Stopped by Cristobal Huet without a rebound.
8:10 of 1st period - Pavel Datsyuk wins face-off versus Evgeni Malkin in BlackHawks zone.
8:10 of 1st period - Pavel Datsyuk is hit by Brent Seabrook.
9:56 of 1st period - Shot by Todd Bertuzzi.
9:56 of 1st period - Stopped by Martin Gerber without a rebound.
9:57 of 1st period - Keith Aucoin wins face-off versus Evgeni Malkin in Lightning zone.
10:24 of 1st period - Carlo Colaiacovo is hit by Chris Clark and loses puck.
10:45 of 1st period - Kim Johnsson is hit by Joel Perrault and loses puck.
11:26 of 1st period - Pavel Datsyuk is hit by Kris Draper and loses puck.
12:19 of 1st period - Bryan Allen is hit by Chris Clark and loses puck.
12:57 of 1st period - Shot by Jaromir Jagr.
12:57 of 1st period - Deflect By Jay Pandolfo.
12:57 of 1st period - Shot Blocked by Kim Johnsson.
13:34 of 1st period - Icing by Chris Phillips.
13:35 of 1st period - Kris Draper wins face-off versus Keith Aucoin in Lightning zone.
13:59 of 1st period - Icing by Chris Phillips.
14:00 of 1st period - Keith Aucoin wins face-off versus Evgeni Malkin in Lightning zone.
14:00 of 1st period - Keith Aucoin is hit by Chris Clark.
14:22 of 1st period - Shot by Jason Blake.
14:22 of 1st period - Shot Misses the Net.
14:24 of 1st period - Shot by Bryan Allen.
14:24 of 1st period - Shot Blocked by Brent Seabrook.
14:35 of 1st period - Jason Blake is hit by Brent Seabrook and loses puck.
14:38 of 1st period - Shot by Jay Pandolfo.
14:38 of 1st period - Shot Misses the Net.
14:40 of 1st period - Shot by Mike Modano.
14:40 of 1st period - Shot Blocked by Ed Jovanovski.
15:21 of 1st period - Kris Draper is hit by Ladislav Smid and loses puck.
15:35 of 1st period - Minor Penalty to Andrew Ladd for Tripping.
15:36 of 1st period - Pavel Datsyuk wins face-off versus Todd White in neutral zone.
15:47 of 1st period - Off-side.
15:48 of 1st period - Pavel Datsyuk wins face-off versus Todd White in neutral zone.
15:56 of 1st period - Icing by Brett Clark.
15:57 of 1st period - Vaclav Prospal wins face-off versus Randy Robitaille in BlackHawks zone.
16:06 of 1st period - Shot by Vaclav Prospal.
16:06 of 1st period - Shot Blocked by Mike Van Ryn.
16:20 of 1st period - Icing by Mike Van Ryn.
16:21 of 1st period - Todd White wins face-off versus Jaromir Jagr in BlackHawks zone.
16:45 of 1st period - Chris Phillips is hit by Randy Robitaille and loses puck.
16:51 of 1st period - Minor Penalty to Chris Clark for Roughing.
16:52 of 1st period - Vaclav Prospal wins face-off versus Evgeni Malkin in Lightning zone.
17:18 of 1st period - Shot by Mike Modano.
17:18 of 1st period - Shot Blocked by Brent Seabrook.
19:18 of 1st period - Minor Penalty to Joel Perrault for Holding.
19:19 of 1st period - Pavel Datsyuk wins face-off versus Loui Eriksson in neutral zone.

Period #2

0:01 of 2nd period - Pavel Datsyuk wins face-off versus Evgeni Malkin in neutral zone.
0:19 of 2nd period - Shot by Brent Seabrook.
0:19 of 2nd period - Shot Blocked by Jaromir Jagr.
0:23 of 2nd period - Shot by Evgeni Malkin.
0:23 of 2nd period - Stopped by Martin Gerber without a rebound.
0:24 of 2nd period - Vaclav Prospal wins face-off versus Todd White in Lightning zone.
0:58 of 2nd period - Shot by Jiri Hudler.
0:58 of 2nd period - Shot Misses the Net.
1:00 of 2nd period - Shot by Mike Van Ryn.
1:00 of 2nd period - Shot Blocked by Mike Modano.
1:04 of 2nd period - Shot by Loui Eriksson.
1:04 of 2nd period - Shot Misses the Net.
1:21 of 2nd period - Chris Clark is hit by Ladislav Smid and loses puck.
1:25 of 2nd period - Icing by Ruslan Fedotenko.
1:26 of 2nd period - Michal Handzus wins face-off versus Boyd Devereaux in Lightning zone.
2:27 of 2nd period - Shot by Evgeni Malkin.
2:27 of 2nd period - Stopped by Martin Gerber with a rebound.
2:37 of 2nd period - Shot by Keith Aucoin.
2:37 of 2nd period - Stopped by Cristobal Huet with a rebound.
2:38 of 2nd period - Minor Penalty to Brent Seabrook for Tripping.
2:39 of 2nd period - Mike Modano wins face-off versus Kris Draper in BlackHawks zone.
2:53 of 2nd period - Shot by Carlo Colaiacovo.
2:53 of 2nd period - Shot Misses the Net.
2:55 of 2nd period - Shot by Carlo Colaiacovo.
2:55 of 2nd period - Shot Misses the Net.
2:57 of 2nd period - Shot by Bryan Allen.
2:57 of 2nd period - Shot Misses the Net.
2:59 of 2nd period - Shot by Bryan Allen.
2:59 of 2nd period - Shot Misses the Net.
3:16 of 2nd period - Shot by Jason Blake.
3:16 of 2nd period - Stopped by Cristobal Huet without a rebound.
3:17 of 2nd period - Pavel Datsyuk wins face-off versus Rob Niedermayer in BlackHawks zone.
3:26 of 2nd period - Shot by Pavel Datsyuk.
3:26 of 2nd period - Deflect By Vaclav Prospal.
3:26 of 2nd period - Shot Misses the Net.
4:19 of 2nd period - Todd White is hit by Chris Phillips and loses puck.
4:20 of 2nd period - Todd White from BlackHawks is injured at 4:20 of 2nd period (Separated Left Shoulder).
4:21 of 2nd period - Mike Modano wins face-off versus Kris Draper in Lightning zone.
4:49 of 2nd period - Ruslan Fedotenko is hit by Brent Seabrook and loses puck.
5:06 of 2nd period - Shot by Cory Stillman.
5:06 of 2nd period - Deflect By Evgeni Malkin.
5:06 of 2nd period - Stopped by Martin Gerber without a rebound.
5:07 of 2nd period - Mike Modano wins face-off versus Kris Draper in Lightning zone.
5:21 of 2nd period - Jason Blake is hit by Darryl Sydor and loses puck.
5:24 of 2nd period - Shot by Mike Modano.
5:24 of 2nd period - Shot Blocked by Darryl Sydor.
5:26 of 2nd period - Shot by Carlo Colaiacovo.
5:26 of 2nd period - Stopped by Cristobal Huet without a rebound.
5:27 of 2nd period - Keith Aucoin wins face-off versus Loui Eriksson in BlackHawks zone.
6:16 of 2nd period - Ed Jovanovski is hit by Ruslan Fedotenko and loses puck.
6:21 of 2nd period - Shot by Andrew Ladd.
6:21 of 2nd period - Shot Blocked by Brent Seabrook.
6:32 of 2nd period - Icing by Ed Jovanovski.
6:33 of 2nd period - Mike Modano wins face-off versus Todd Bertuzzi in BlackHawks zone.
6:42 of 2nd period - Shot by Mike Modano.
6:42 of 2nd period - Stopped by Cristobal Huet without a rebound.
6:43 of 2nd period - Jiri Hudler wins face-off versus Mike Modano in BlackHawks zone.
7:01 of 2nd period - Minor Penalty to Mike Van Ryn for Cross-checking.
7:02 of 2nd period - Michal Handzus wins face-off versus Pavel Datsyuk in BlackHawks zone.
7:02 of 2nd period - Michal Handzus is hit by Jaromir Jagr.
7:12 of 2nd period - Brett Clark is hit by Vaclav Prospal and loses puck.
7:19 of 2nd period - Shot by Jaromir Jagr.
7:19 of 2nd period - Stopped by Cristobal Huet without a rebound.
7:20 of 2nd period - Kris Draper wins face-off versus Mike Modano in BlackHawks zone.
9:07 of 2nd period - Boyd Devereaux is hit by Ed Jovanovski and loses puck.
9:13 of 2nd period - Minor Penalty to Brent Seabrook for Hooking.
9:14 of 2nd period - Pavel Datsyuk wins face-off versus Kris Draper in BlackHawks zone.
9:27 of 2nd period - Shot by Pavel Datsyuk.
9:27 of 2nd period - Shot Blocked by Kim Johnsson.
9:33 of 2nd period - Shot by Pavel Datsyuk.
9:33 of 2nd period - Shot Misses the Net.
9:35 of 2nd period - Shot by Martin Skoula.
9:35 of 2nd period - Shot Blocked by Kris Draper.
9:37 of 2nd period - Shot by Pavel Datsyuk.
9:37 of 2nd period - Goal by Pavel Datsyuk - BlackHawks : 0 - Lightning : 1.
9:38 of 2nd period - Evgeni Malkin wins face-off versus Boyd Devereaux in neutral zone.
9:38 of 2nd period - Ed Jovanovski is hit by Andrew Ladd and loses puck.
10:27 of 2nd period - Shot by Erik Christensen.
10:27 of 2nd period - Shot Blocked by Ed Jovanovski.
10:38 of 2nd period - Joel Perrault is hit by Brent Seabrook and loses puck.
11:07 of 2nd period - Minor Penalty to Chris Clark for Roughing.
11:08 of 2nd period - Mike Modano wins face-off versus Kris Draper in Lightning zone.
11:23 of 2nd period - Shot by Jason Blake.
11:23 of 2nd period - Stopped by Cristobal Huet without a rebound.
11:24 of 2nd period - Kris Draper wins face-off versus Pavel Datsyuk in BlackHawks zone.
11:41 of 2nd period - Shot by Mark Streit.
11:41 of 2nd period - Shot Blocked by Darryl Sydor.
11:43 of 2nd period - Shot by Vaclav Prospal.
11:43 of 2nd period - Deflect By Pavel Datsyuk.
11:43 of 2nd period - Shot Misses the Net.
11:59 of 2nd period - Shot by Jaromir Jagr.
11:59 of 2nd period - Shot Blocked by Kris Draper.
13:07 of 2nd period - Shot by Pavel Datsyuk.
13:07 of 2nd period - Stopped by Cristobal Huet with a rebound.
13:11 of 2nd period - Shot by Ruslan Fedotenko.
13:11 of 2nd period - Shot Misses the Net.
13:15 of 2nd period - Shot by Ruslan Fedotenko.
13:15 of 2nd period - Shot Misses the Net.
13:41 of 2nd period - Ladislav Smid is hit by Todd Bertuzzi and loses puck.
13:53 of 2nd period - Martin Skoula is hit by Kim Johnsson and loses puck.
15:21 of 2nd period - Shot by Kris Draper.
15:21 of 2nd period - Shot Blocked by Carlo Colaiacovo.
15:25 of 2nd period - Shot by Loui Eriksson.
15:25 of 2nd period - Stopped by Martin Gerber with a rebound.
15:27 of 2nd period - Shot by Rob Niedermayer.
15:27 of 2nd period - Stopped by Martin Gerber with a rebound.
16:15 of 2nd period - Shot by Jaromir Jagr.
16:15 of 2nd period - Stopped by Cristobal Huet without a rebound.
16:16 of 2nd period - Keith Aucoin wins face-off versus Todd Bertuzzi in BlackHawks zone.
16:54 of 2nd period - Off-side.
16:55 of 2nd period - Michal Handzus wins face-off versus Pavel Datsyuk in neutral zone.
17:09 of 2nd period - Shot by Randy Robitaille.
17:09 of 2nd period - Goal by Randy Robitaille - BlackHawks : 1 - Lightning : 1.
17:10 of 2nd period - Mike Modano wins face-off versus Loui Eriksson in neutral zone.
17:15 of 2nd period - Mike Modano is hit by Mike Van Ryn and loses puck.
17:34 of 2nd period - Shot by Mike Modano.
17:34 of 2nd period - Stopped by Cristobal Huet without a rebound.
17:35 of 2nd period - Evgeni Malkin wins face-off versus Pavel Datsyuk in BlackHawks zone.
18:04 of 2nd period - Shot by Pavel Datsyuk.
18:04 of 2nd period - Shot Misses the Net.
18:08 of 2nd period - Shot by Pavel Datsyuk.
18:08 of 2nd period - Shot Misses the Net.
18:10 of 2nd period - Shot by Jaromir Jagr.
18:10 of 2nd period - Stopped by Cristobal Huet without a rebound.
18:11 of 2nd period - Kris Draper wins face-off versus Boyd Devereaux in BlackHawks zone.
18:24 of 2nd period - Kris Draper is hit by Andrew Ladd and loses puck.
19:12 of 2nd period - Icing by Brent Seabrook.
19:13 of 2nd period - Mike Modano wins face-off versus Evgeni Malkin in BlackHawks zone.

Period #3

0:01 of 3rd period - Kris Draper wins face-off versus Boyd Devereaux in neutral zone.
0:13 of 3rd period - Shot by Andrew Ladd.
0:13 of 3rd period - Stopped by Cristobal Huet without a rebound.
0:14 of 3rd period - Evgeni Malkin wins face-off versus Keith Aucoin in BlackHawks zone.
0:28 of 3rd period - Shot by Evgeni Malkin.
0:28 of 3rd period - Goal by Evgeni Malkin - BlackHawks : 2 - Lightning : 1.
0:29 of 3rd period - Mike Modano wins face-off versus Evgeni Malkin in neutral zone.
1:46 of 3rd period - Shot by Pavel Datsyuk.
1:46 of 3rd period - Shot Misses the Net.
2:05 of 3rd period - Minor Penalty to Vaclav Prospal for Hooking.
2:06 of 3rd period - Kris Draper wins face-off versus Jason Blake in BlackHawks zone.
2:17 of 3rd period - Icing by Kris Draper.
2:18 of 3rd period - Kris Draper wins face-off versus Boyd Devereaux in BlackHawks zone.
3:16 of 3rd period - Shot by Ed Jovanovski.
3:16 of 3rd period - Shot Misses the Net.
3:18 of 3rd period - Shot by Evgeni Malkin.
3:18 of 3rd period - Stopped by Martin Gerber without a rebound.
3:19 of 3rd period - Jason Blake wins face-off versus Todd Bertuzzi in Lightning zone.
6:00 of 3rd period - Minor Penalty to Jason Blake for Hooking.
6:01 of 3rd period - Vaclav Prospal wins face-off versus Evgeni Malkin in neutral zone.
6:10 of 3rd period - Shot by Evgeni Malkin.
6:10 of 3rd period - Shot Misses the Net.
7:14 of 3rd period - Icing by Brent Seabrook.
7:15 of 3rd period - Vaclav Prospal wins face-off versus Evgeni Malkin in BlackHawks zone.
7:26 of 3rd period - Shot by Ed Jovanovski.
7:26 of 3rd period - Stopped by Martin Gerber without a rebound.
7:27 of 3rd period - Vaclav Prospal wins face-off versus Todd Bertuzzi in Lightning zone.
7:38 of 3rd period - Shot by Randy Robitaille.
7:38 of 3rd period - Shot Blocked by Chris Phillips.
8:32 of 3rd period - Shot by Boyd Devereaux.
8:32 of 3rd period - Stopped by Cristobal Huet with a rebound.
8:36 of 3rd period - Shot by Andrew Ladd.
8:36 of 3rd period - Stopped by Cristobal Huet with a rebound.
9:14 of 3rd period - Shot by Jason Blake.
9:14 of 3rd period - Shot Misses the Net.
9:16 of 3rd period - Shot by Carlo Colaiacovo.
9:16 of 3rd period - Shot Misses the Net.
9:37 of 3rd period - Off-side.
9:38 of 3rd period - Pavel Datsyuk wins face-off versus Todd Bertuzzi in neutral zone.
9:52 of 3rd period - Minor Penalty to Chris Phillips for Hooking.
9:53 of 3rd period - Vaclav Prospal wins face-off versus Todd Bertuzzi in Lightning zone.
11:17 of 3rd period - Minor Penalty to Ladislav Smid for Interference.
11:18 of 3rd period - Kris Draper wins face-off versus Pavel Datsyuk in Lightning zone.
11:27 of 3rd period - Shot by Brett Clark.
11:27 of 3rd period - Shot Blocked by Boyd Devereaux.
11:29 of 3rd period - Shot by Brett Clark.
11:29 of 3rd period - Stopped by Martin Gerber with a rebound.
11:33 of 3rd period - Shot by Jiri Hudler.
11:33 of 3rd period - Stopped by Martin Gerber without a rebound.
11:34 of 3rd period - Jaromir Jagr wins face-off versus Todd Bertuzzi in Lightning zone.
13:06 of 3rd period - Shot by Chris Clark.
13:06 of 3rd period - Deflect By Evgeni Malkin.
13:06 of 3rd period - Shot Blocked by Vaclav Prospal.
13:15 of 3rd period - Off-side.
13:16 of 3rd period - Evgeni Malkin wins face-off versus Vaclav Prospal in neutral zone.
13:22 of 3rd period - Shot by Rob Niedermayer.
13:22 of 3rd period - Deflect By Todd Bertuzzi.
13:22 of 3rd period - Shot Misses the Net.
13:24 of 3rd period - Shot by Michal Handzus.
13:24 of 3rd period - Stopped by Martin Gerber without a rebound.
13:25 of 3rd period - Boyd Devereaux wins face-off versus Todd Bertuzzi in Lightning zone.
13:47 of 3rd period - Shot by Andrew Ladd.
13:47 of 3rd period - Shot Misses the Net.
13:49 of 3rd period - Shot by Ruslan Fedotenko.
13:49 of 3rd period - Stopped by Cristobal Huet without a rebound.
13:50 of 3rd period - Keith Aucoin wins face-off versus Evgeni Malkin in BlackHawks zone.
14:03 of 3rd period - Shot by Joel Perrault.
14:03 of 3rd period - Shot Blocked by Brent Seabrook.
14:09 of 3rd period - Shot by Cory Stillman.
14:09 of 3rd period - Stopped by Martin Gerber without a rebound.
14:10 of 3rd period - Kris Draper wins face-off versus Mike Modano in Lightning zone.
14:29 of 3rd period - Shot by Loui Eriksson.
14:29 of 3rd period - Stopped by Martin Gerber without a rebound.
14:30 of 3rd period - Boyd Devereaux wins face-off versus Chris Clark in Lightning zone.
14:40 of 3rd period - Icing by Brent Seabrook.
14:41 of 3rd period - Vaclav Prospal wins face-off versus Evgeni Malkin in BlackHawks zone.
16:06 of 3rd period - Shot by Jiri Hudler.
16:06 of 3rd period - Shot Misses the Net.
16:11 of 3rd period - Shot by Brett Clark.
16:11 of 3rd period - Shot Misses the Net.
16:13 of 3rd period - Shot by Brett Clark.
16:13 of 3rd period - Shot Misses the Net.
16:15 of 3rd period - Shot by Randy Robitaille.
16:15 of 3rd period - Goal by Randy Robitaille - BlackHawks : 3 - Lightning : 1.
16:16 of 3rd period - Evgeni Malkin wins face-off versus Boyd Devereaux in neutral zone.
16:23 of 3rd period - Shot by Evgeni Malkin.
16:23 of 3rd period - Goal by Evgeni Malkin - BlackHawks : 4 - Lightning : 1.
16:24 of 3rd period - Rob Niedermayer wins face-off versus Boyd Devereaux in neutral zone.
17:15 of 3rd period - Shot by Jaromir Jagr.
17:15 of 3rd period - Stopped by Cristobal Huet without a rebound.
17:16 of 3rd period - Evgeni Malkin wins face-off versus Keith Aucoin in BlackHawks zone.
17:33 of 3rd period - Shot by Jiri Hudler.
17:33 of 3rd period - Shot Misses the Net.
17:37 of 3rd period - Shot by Evgeni Malkin.
17:37 of 3rd period - Stopped by Martin Gerber without a rebound.
17:38 of 3rd period - Mike Modano wins face-off versus Kris Draper in Lightning zone.
18:40 of 3rd period - Shot by Andrew Ladd.
18:40 of 3rd period - Deflect By Ruslan Fedotenko.
18:40 of 3rd period - Stopped by Cristobal Huet without a rebound.
18:41 of 3rd period - Todd Bertuzzi wins face-off versus Vaclav Prospal in BlackHawks zone.
18:41 of 3rd period - Todd Bertuzzi is hit by Vaclav Prospal.
18:56 of 3rd period - Double Minor Penalty to Pavel Datsyuk for Slashing.
18:57 of 3rd period - Vaclav Prospal wins face-off versus Cory Stillman in neutral zone.
19:00 of 3rd period - Brett Clark is hit by Vaclav Prospal and loses puck.
19:33 of 3rd period - Shot by Cory Stillman.
19:33 of 3rd period - Shot Misses the Net.


Output by the SimonT Hockey Simulator (STHS) for Stephane Roy -- Original Page W3C XHTML 1.0 Valid